 Dungeon Crawl Stone Soup version 0.31-a0-977-gc230f8ef24 (webtiles) character file.

Game seed: 14249892728643087899

102 timneilson the Ruffian (level 4, -3/29 HPs)
             Began as an Octopode Shapeshifter on Oct 29, 2023.
             Slain by Grinder (8 damage)
             ... on level 3 of the Dungeon.
             The game lasted 00:03:47 (1380 turns).

timneilson the Ruffian (Octopode Shapeshifter)      Turns: 1380, Time: 00:03:47

Health: -3/29      AC:  1    Str: 15    XL:     4   Next: 78%
Magic:  5/5        EV: 13    Int: 12    God:
Gold:   119        SH:  0    Dex: 11    Spells: 3/4 levels left

rFire   . .          .
                       - Unarmed
rCold   . . .        (no shield)
rNeg    . . .        (helmet currently unavailable)
rPois   .            (no amulet)
rElec   .            (no ring)
rCorr   .            (no ring)
SInv    .            (no ring)
Will    .....        (no ring)
Stlth   +++          (no ring)
HPRegen 0.24/turn    (no ring)
MPRegen 0.09/turn    (no ring)
                     (no ring)

%: no passive effects
@: lethally poisoned (-3 -> -6), beast-form
A: beast (slay +1), almost no armour, amphibious, 8 rings, camouflage 1,
gelatinous body 1, (nimble swimmer 1), tentacles
a: Begin Untransformation


You were on level 3 of the Dungeon.
You were a hulking beast.
You visited 1 branch of the dungeon, and saw 3 of its levels.

You collected 119 gold pieces.

Inventory:

Talismans
 b - a beast talisman
 c - a flux talisman
Wands
 f - a wand of charming (10)
Scrolls
 d - a scroll of immolation {unknown}
 h - a scroll of brand weapon {unknown}
 i - a scroll of fog {unknown}
 j - a scroll of identify
Potions
 a - a potion of lignification
 e - a potion of attraction
 g - 2 potions of resistance {unknown}


   Skills:
 * Level 1.7 Fighting
 * Level 2.5 Dodging
 + Level 1.7 Stealth
 * Level 3.5 Unarmed Combat
 + Level 0.8 Spellcasting
 + Level 0.7 Conjurations
 + Level 0.5 Fire Magic
 + Level 0.6 Evocations
 * Level 3.3 Shapeshifting


You had 3 spell levels left.
You knew the following spells:

 Your Spells              Type           Power      Damage    Failure   Level
a - Foxfire               Conj/Fire      8%         2x1d4     24%         1

Your spell library contained the following spells:

 Spells                   Type           Power      Damage    Failure   Level
 Plasma Beam              Fire/Air       0%         2x1d10    100%        6
 Starburst                Conj/Fire      1%         6d3       100%        6


Dungeon Overview and Level Annotations

Branches:
Dungeon (3/15)

Altars:
Okawaru

Annotations:
D:2 1 runed translucent door, Crazy Yiuf
D:3 Grinder


Innate Abilities, Weirdness & Mutations

You are a hulking beast.
Your limbs bulge with bestial killing power. (Slay +1)
You cannot wear most types of armour.
You are amphibious.
You can wear up to eight rings at the same time.
Your skin changes colour to match your surroundings (Stealth+).
Your rubbery body absorbs attacks. (AC +1, EV +1)
((You are camouflaged when in or above water. (Stealth+)))
You have tentacles for arms and can constrict up to eight enemies at once.


Message History

The river rat barely misses you. The adder closely misses you.
You see here a rat corpse.
You tentacle-slap the river rat. You grab the river rat.
You squeeze the river rat.
The river rat is moderately wounded.
You hear the rusting of a drain.
You constrict the river rat. The river rat barely misses you.
The adder misses you.
Okay, then.
You tentacle-slap the river rat.
The river rat is severely wounded.
You constrict the river rat. The river rat bites you. The adder bites you.
Grinder blinks!
You tentacle-slap the river rat.
You kill the river rat!
The adder bites you. The adder closely misses you.
You barely miss the adder. Your grab misses the adder.
The adder barely misses you.
You tentacle-slap the adder. You grab the adder.
The adder is lightly wounded.
You constrict the adder. The adder barely misses you.
Grinder blinks!
You barely miss the adder.
The adder is lightly wounded.
You constrict the adder. The adder closely misses you. Grinder gestures at you.
You suddenly lose the ability to move!
You lose your grip on the adder.
The adder bites you. x2
You are poisoned.
The adder poisons you!
You feel sick. The adder bites you.
You can move again.
Unknown command.
You closely miss the adder. You grab the adder. You squeeze the adder!
You kill the adder!
You feel sick.
Grinder zaps a wand.
The puff of flame hits you!
* * * LOW HITPOINT WARNING * * *
Unknown command.
You feel sick. Grinder hits you!
You die...
Grinder says, "Now the real fun starts!"

#................#
#......#.♣.♣.#...#
#..............###
#...†.##.####.####
#.....##.##......#
###~~............#
#~~~...##.#.##.#
#~#.../##......#
#~~§h..##.####.######
#~#~.5..#. #.........
#~~~~................
#~#~....#.##....#..#.
#~#~....#.##.####..#.
~ #.....# #. #..#. ##
#.....$ .. #..#.
...##...... #..#. .#
#..+.


You could see Grinder.

Vanquished Creatures
  Jessica (D:2)
  A river rat (D:3)
  3 adders
  A worm (D:2)
  A dart slug (D:1)
  4 ball pythons (D:1)
  3 bats
  An endoplasm (D:1)
  3 giant cockroaches
  3 hobgoblins (D:1)
  A quokka (D:1)
  4 goblins
  6 kobolds
  5 rats
37 creatures vanquished.

Notes
Turn   | Place    | Note
-------+----------+-------------------------------------------
     0 | D:1      | timneilson the Octopode Shapeshifter began the quest for
                  | the Orb.
     0 | D:1      | Reached XP level 1. HP: 13/13 MP: 1/1
   158 | D:1      | Reached XP level 2. HP: 18/18 MP: 2/2
   161 | D:1      | Learned a level 1 spell: Foxfire
   297 | D:1      | Reached skill level 1 in Stealth
   423 | D:1      | Reached XP level 3. HP: 23/23 MP: 3/3
   908 | D:2      | Noticed Jessica
   911 | D:2      | Killed Jessica
   912 | D:2      | Reached XP level 4. HP: 28/28 MP: 5/5
  1135 | D:2      | Found a runed translucent door.
  1136 | D:2      | Noticed Crazy Yiuf
  1332 | D:3      | Found an iron altar of Okawaru.
  1369 | D:3      | Noticed Grinder
  1376 | D:3      | Paralysed by Grinder for 3 turns
  1380 | D:3      | Slain by Grinder

Illustrated notes

Levels and vault maps discovered:
D:1:      noname_arrival_rooms_in_the_neighbourhood, layout_basic
D:2:      layout_basic, uniq_crazy_yiuf_cottage, uniq_jessica
D:3:      layout_basic, nicolae_hepliaklqana_hippocampus,
          mainiacjoe_overflow_cross_hatched, okawaru_trees_1,
          lightli_sewer_entry_pipes, uniq_grinder

Skill      XL: |  1  2 |
---------------+-------+-----
Stealth        | 1 |  1.7
Fighting       | |  1.7
Dodging        | |  2.5
Unarmed Combat | |  3.5
Spellcasting   | |  0.8
Conjurations   | |  0.7
Fire Magic     | |  0.5
Evocations     | |  0.6
Shapeshifting  | |  3.3

Action                     |  1- 3 |  4- 6 || total
---------------------------+-------+-------++-------
  Melee: Unarmed           |    46 |    17 ||    63
         Constrict         |    18 |     4 ||    22
         Tentacles         |    12 |     4 ||    16
         Punch             |     1 |       ||     1
    Use: Scroll            |     2 |       ||     2
   Stab: Sleeping          |     8 |     1 ||     9
 Armour: Skin              |    12 |    11 ||    23
  Dodge: Dodged            |    19 |    13 ||    32

Table legend: (Time is in decaauts)
 A = Elapsed time spent in this place.
 B = Non-inter-level travel time spent in this place.
 C = Inter-level travel time spent in this place.
 D = Time resting spent in this place.
 E = Time spent auto-exploring this place.
 F = Levels seen in this place.
 G = Mean time per level.
                   A        B        C        D        E       F      G
               +--------+--------+--------+--------+--------+-----+--------+
         Total |   1375 |   1331 |     44 |     18 |    808 |   3 |  458.3 |
       Dungeon |   1375 |   1331 |     44 |     18 |    808 |   3 |  458.3 |
               +--------+--------+--------+--------+--------+-----+--------+

Top non-repeatable levels by time:
     D:1: 648 daAuts
     D:2: 516 daAuts
     D:3: 211 daAuts
